 Dungeon Crawl Stone Soup version 0.29.1-15-g9cfb28693d (webtiles) character file.

Game seed: 6779754198581602122

74312 Peloso the Peltast (level 15, -3/150 HPs)
             Began as a Minotaur Fighter on Apr 25, 2023.
             Was a High Priest of Okawaru.
             Drowned by a drowned soul (14 damage)
             ... summoned by a merfolk avatar
             ... on level 5 of the Lair of Beasts.
             The game lasted 01:04:15 (31742 turns).

Peloso the Peltast (Minotaur Fighter)              Turns: 31742, Time: 01:04:15

Health: -3/150     AC: 36    Str: 47    XL:     15   Next: 6%
Magic:  16/16      EV:  7    Int:  8    God:    Okawaru [*****.]
Gold:   329        SH: 20    Dex: 12    Spells: 14/14 levels left

rFire   . . .      SeeInvis +   a - +6 long sword of Ukay {protect, rC+ SInv}
rCold   + + .      Faith    +   d - +0 tower shield
rNeg    . . .      Spirit   .   O - +0 crystal plate armour "Guwkaren" {Str+3 Int+3}
rPois   .          Reflect  .   r - +2 hat
rElec   .          Harm     .   S - +0 cloak "Igol" {Str+4}
rCorr   .          Rampage  .   (no gloves)
Will    +....                   m - +0 pair of boots
Stlth   ..........              X - amulet of Lywois Herph {Faith Str+8}
HPRegen 0.35/turn               q - ring of protection from cold
MPRegen 0.15/turn               f - +6 ring of strength

@: under a protective aura, mesmerised, studying Polearms, very slow
A: horns 2, retaliatory headbutt, robust 1
a: Renounce Religion, Heroism, Finesse, Duel


You were on level 5 of the Lair of Beasts.
You worshipped Okawaru.
Okawaru was extremely pleased with you.
You visited 4 branches of the dungeon, and saw 20 of its levels.
You also visited: Ossuary.

You collected 2116 gold pieces.
You spent 1787 gold pieces at shops.

Inventory:

Hand Weapons
 a - the +6 long sword of Ukay (weapon) {protect, rC+ SInv}
   (You bought it in a shop on level 2 of the Orcish Mines)

   It grants its wielder temporary protection when it strikes (+7 to AC).
   rC:        It protects you from cold.
   SInv:      It lets you see invisible.
 b - a +1 scimitar of flaming
Armour
 c - a +0 plate armour
 d - a +0 tower shield (worn)
 m - a +0 pair of boots (worn)
 r - a +2 hat (worn)
 O - the +0 crystal plate armour "Guwkaren" (worn) {Str+3 Int+3}
   (Okawaru gifted it to you on level 2 of the Lair of Beasts)

   Str:       It affects your strength (+3).
   Int:       It affects your intelligence (+3).
 S - the +0 cloak "Igol" (worn) {Str+4}
   (Okawaru gifted it to you on level 3 of the Lair of Beasts)

   Str:       It affects your strength (+4).
Jewellery
 f - a +6 ring of strength (right hand)
 h - a ring of poison resistance
 l - a ring of willpower
 q - a ring of protection from cold (left hand)
 x - a ring of flight
 E - a ring of protection from cold
 M - a ring of resist corrosion
 X - the amulet of Lywois Herph (around neck) {Faith Str+8}
   (You bought it in a shop on level 2 of the Orcish Mines)

   [amulet of faith]

   It allows you to gain divine favour quickly.
   Str:       It affects your strength (+8).
Wands
 g - a wand of light (4)
Scrolls
 e - 3 scrolls of summoning
 t - 6 scrolls of magic mapping
 v - a scroll of teleportation
 y - 2 scrolls of enchant weapon
 B - a scroll of immolation
 D - a scroll of amnesia
 H - 4 scrolls of fog {unknown}
 I - 2 scrolls of poison
 J - a scroll of noise {unknown}
 W - a scroll of acquirement {unknown}
 Z - a scroll of torment {unknown}
Potions
 i - 5 potions of might
 j - 7 potions of cancellation
 o - 2 potions of flight
 p - 19 potions of curing
 w - 3 potions of berserk rage
 z - a potion of ambrosia {unknown}
 C - 3 potions of haste {unknown}
 G - 2 potions of resistance {unknown}
 K - 2 potions of invisibility {unknown}
 Q - a potion of degeneration {unknown}


   Skills:
 + Level 13.8 Fighting
 + Level 16.3 Long Blades
 + Level 16.0 Armour
 + Level 2.2 Dodging
 + Level 0.7 Stealth
 + Level 18.1 Shields
 + Level 3.4 Invocations
 + Level 2.0 Evocations


You had 14 spell levels left.
You didn't know any spells.
Your spell library contained the following spells:

 Spells                   Type           Power      Damage    Failure   Level
 Shock                    Conj/Air       0%         1d3       100%        1
 Blink                    Tloc           0%         N/A       100%        2
 Poisonous Vapours        Pois/Air       0%         N/A       100%        2
 Static Discharge         Conj/Air       0%         3-3/arc   100%        2
 Sublimation of Blood     Necr           0%         N/A       100%        2
 Wereblood                Tmut           0%         N/A       100%        2
 Conjure Flame            Conj/Fire      0%         6-21      100%        3
 Gell's Gravitas          Tloc           0%         N/A       100%        3
 Ignite Poison            Fire/Tmut/Pois 0%         N/A       100%        3
 Lesser Beckoning         Tloc           0%         N/A       100%        3
 Swiftness                Air            0%         N/A       100%        3
 Teleport Other           Tloc           0%         N/A       100%        3
 Airstrike                Air            0%         2d(0-16)  100%        4
 Corpse Rot               Necr/Pois/Air  0%         N/A       100%        4
 Dispel Undead            Necr           0%         3d6       100%        4
 Sticky Flame             Conj/Fire      0%         2d3       100%        4
 Fireball                 Conj/Fire      0%         3d3       100%        5
 Iskenderun's Battlesphe  Conj           0%         2d6       100%        5
 Lightning Bolt           Conj/Air       0%         1d11      100%        5
 Manifold Assault         Tloc           0%         N/A       100%        5
 Conjure Ball Lightning   Conj/Air       0%         3x3d6     100%        6
 Dispersal                Tloc           0%         N/A       100%        6
 Orb of Destruction       Conj           0%         9d5       100%        7
 Summon Lightning Spire   Summ/Air       Unusable   N/A       N/A         4
 Summon Hydra             Summ           Unusable   N/A       N/A         7

Dungeon Overview and Level Annotations

Branches:
Dungeon (12/15)            Temple (1/1) D:4            Lair (5/5) D:8
 Shoals (0/4) Lair:2        Snake (0/4) Lair:3        Slime (0/5) Lair:4
    Orc (2/2) D:12            Elf (0/3) Orc:2       Ossuary (visited)

Altars:
Ashenzari
Cheibriados
Dithmenos
Elyvilon
Fedhas
Gozag
Hepliaklqana
Kikubaaqudgha
Makhleb
Nemelex Xobeh
Okawaru
Qazlal
Ru
Sif Muna
Trog
Uskayaw
Vehumet
Wu Jian
Xom
Yredelemnul
Zin
The Shining One
Jiyva

Shops:
D:9 **:=   Orc:2 =*[(

Portals:
Trove: D:10 (give horn of Geryon)

Annotations:
Lair:4 Casa
Orc:2 1 runed translucent door, Quickbrownfox's ghost, journeyman DsIE


Innate Abilities, Weirdness & Mutations

You have a pair of horns on your head.
You reflexively headbutt those who attack you in melee.
You are robust. (+10% HP)


Message History

You block the drowned soul's attack.
You feel much better.
You feel like a meek peon again. You block the drowned soul's attack.
The merfolk avatar chants its luring song.
You block the drowned soul's attack. The drowned soul touches you.
The drowned soul drowns you!
* * * LOW HITPOINT WARNING * * *
Your unstable footing causes you to fumble your attack.
You block the drowned soul's attack.
The merfolk avatar chants its luring song.
Unknown command.
Your unstable footing causes you to fumble your attack.
You block the drowned soul's attack. The drowned soul touches you.
The drowned soul drowns you!
* * * LOW HITPOINT WARNING * * *
Unknown command.
Your unstable footing causes you to fumble your attack.
The merfolk avatar chants its luring song.
You block the drowned soul's attack. x2
Unknown command.
Your unstable footing causes you to fumble your attack.
The drowned soul touches you. The drowned soul drowns you!
* * * LOW HITPOINT WARNING * * *
You block the drowned soul's attack. x2
The merfolk avatar chants its luring song.
Unknown command.
You feel much better. You block the drowned soul's attack.
The drowned soul touches you. The drowned soul drowns you!
* * * LOW HITPOINT WARNING * * *
You block the drowned soul's attack.
The merfolk avatar chants its luring song.
Okay, then.
Okay, then.
Unknown command.
You slash the merfolk avatar!
Your weapon exudes an aura of protection.
The merfolk avatar is almost dead.
The drowned soul touches you. The drowned soul drowns you!
You die...

###### ###.### ... #⌠~~~~
~~~~⌠#~~##...... ~~.8~
8~~~#~~#~...... .
#.#~####~~~#~~~~......
~.~~}(!$#~..##~~~...... .....#
.~#~#(≈≈[#~.~~..~~~..... ....~#~
~..~~!m≈W#~~~#~~~~...... .....~~
~ #?W@!~.~~.~P~~...... ....~~~
.## #~..##~#.#...~~..... .....#
~~~~~~8~~~~8~~~#~~~#~.....
.....##~~#⌠.~~~~~~.~~⌠#~~##~.....
.....~~~.#####~~~~#####~P~~..†...
....~~~~.# ~~~~~~ #~~~~......
.....##P~# ~#~~8~~ #~~#~~.....
...†.##.~#~~~.~~~~.P .~~~##~.....
....~~~~~~#~ ~#~ ##~~~~~.....


You could see a merfolk avatar (mesmerising) and 2 drowned souls.

Vanquished Creatures
  Gastronok (Lair:2)
  An orc warlord (Orc:1)
  A dire elephant (Lair:5)
  Josephine (Orc:2)
  4 hydras (Lair:4)
  A boulder beetle (Lair:5)
  Erolcha (D:12)
  Erica (D:9)
  4 two-headed ogres
  A catoblepas (Lair:2)
  3 death yaks (Lair:2)
  3 orc high priests
  3 skeletal warriors (D:12)
  Nergalle (D:11)
  Amaemon (Lair:3)
  3 sea snakes
  4 orc knights
  A lindwurm (Lair:3)
  A wolf spider (Lair:2)
  A harpy (Lair:4)
  6 orc sorcerers
  An ugly thing (D:12)
  3 cyclopes
  Maurice (D:9)
  6 black mambas
  14 elephants
  2 merfolk sirens (Lair:2)
  An orange demon (Lair:3)
  2 unseen horrors
  10 cane toads
  Maggie (D:7)
  A torpor snail (Lair:1)
  Psyche (D:11)
  A kobold demonologist (D:9)
  3 rime drakes
  7 komodo dragons
  2 merfolk (Lair:2)
  4 trolls
  A wind drake (Lair:5)
  5 polar bears
  Prince Ribbit (D:9)
  A hornet (Lair:5)
  7 blink frogs
  2 snapping turtles (Lair:5)
  2 shadows
  9 wyverns
  7 wraiths
  81 yaks
  Grum (D:8)
  3 basilisks
  2 steam dragons
  2 vampire mosquitoes
  Menkaure (D:4)
  4 wargs
  3 nagas
  10 water moccasins
  Duvessa (D:4)
  4 ice beasts
  32 orc warriors
  9 ogres
  40 wolves
  2 centaurs
  3 phantoms
  4 kobold brigands
  2 gnoll sergeants
  6 scorpions
  3 necrophages
  12 bullfrogs
  6 wights
  2 troll zombies (D:12)
  Dowan (D:4)
  9 howler monkeys
  6 hounds
  3 gnoll boudas
  22 orc priests
  Crazy Yiuf (D:7)
  Natasha (thrice) (D:4)
  3 iguanas
  26 orc wizards
  6 hell rats (Lair:4)
  6 ogre zombies (D:12)
  9 mummies
  13 gnolls
  7 adders
  2 shadow imps
  3 white imps (D:5)
  2 ufetubi (D:5)
  5 worms
  A dart slug (D:2)
  62 orcs
  6 endoplasms
  2 giant cockroaches
  2 gnoll zombies (Ossuary)
  5 goblins
  4 hobgoblins
  9 jackals
  A quokka (D:1)
  9 ball pythons
  3 bats
  3 frilled lizards
  2 goblin skeletons (D:12)
  2 goblin zombies (D:12)
  A hobgoblin skeleton (D:12)
  3 hobgoblin zombies
  20 kobolds
  3 kobold zombies (Ossuary)
  4 orc skeletons (D:12)
  18 orc zombies
  5 rats
663 creatures vanquished.

Vanquished Creatures (others)
  A centaur (D:9)
  An orc wizard (Orc:2)
  3 kobolds (D:9)
  30 fungi
  37 plants
  2 withered plants (Orc:2)
74 creatures vanquished.

Grand Total: 737 creatures vanquished

Notes
Turn   | Place    | Note
-------+----------+-------------------------------------------
     0 | D:1      | Peloso the Minotaur Fighter began the quest for the Orb.
     0 | D:1      | Reached XP level 1. HP: 19/19 MP: 0/0
   403 | D:1      | Reached XP level 2. HP: 24/27 MP: 1/1
  1037 | D:2      | Reached skill level 4 in Shields
  1261 | D:2      | Reached XP level 3. HP: 33/33 MP: 2/2
  1599 | D:2      | Found a shimmering blue altar of Sif Muna.
  1670 | D:2      | Found a faded altar of an unknown god.
  1764 | D:2      | Gained mutation: You are robust. (+10% HP) [potion of
                  | mutation]
  2133 | D:2      | Reached XP level 4. HP: 30/44 MP: 3/3
  2891 | D:3      | Reached XP level 5. HP: 50/50 MP: 4/4
  2959 | D:4      | Reached skill level 5 in Long Blades
  2960 | D:4      | Noticed Dowan
  2965 | D:4      | Noticed Natasha
  2994 | D:4      | Found a staircase to the Ecumenical Temple.
  3001 | D:4      | Noticed Duvessa
  3003 | Temple   | Entered the Ecumenical Temple
  3183 | Temple   | Became a worshipper of Warmaster Okawaru
  3386 | D:4      | Killed Duvessa
  3387 | D:4      | Reached skill level 5 in Armour
  3387 | D:4      | Reached XP level 6. HP: 28/58 MP: 5/5
  3676 | D:4      | Killed Dowan
  4027 | D:4      | Killed Natasha
  4037 | D:4      | Reached * piety under Okawaru
  4077 | D:4      | Noticed Menkaure
  4089 | D:4      | Killed Menkaure
  4090 | D:4      | Reached XP level 7. HP: 38/66 MP: 6/6
  4440 | D:4      | Noticed Natasha
  4448 | D:4      | Killed Natasha
  4545 | D:4      | Noticed Natasha
  4552 | D:4      | Killed Natasha
  4721 | D:5      | Entered Level 5 of the Dungeon
  4776 | D:5      | Reached skill level 5 in Fighting
  4809 | D:5      | Found a sand-covered staircase.
  4820 | Ossuary  | Entered an ossuary
  5540 | D:5      | Noticed a two-headed ogre
  5546 | D:5      | Killed a two-headed ogre
  5546 | D:5      | Reached ** piety under Okawaru
  5546 | D:5      | Reached *** piety under Okawaru
  5547 | D:5      | Reached skill level 5 in Shields
  5547 | D:5      | Reached XP level 8. HP: 30/77 MP: 7/7
  6231 | D:5      | Reached skill level 10 in Long Blades
  6243 | D:5      | Reached XP level 9. HP: 75/84 MP: 8/8
  6317 | D:5      | Reached **** piety under Okawaru
  7385 | D:6      | Reached skill level 1 in Invocations
  7754 | D:6      | Reached skill level 1 in Dodging
  8385 | D:7      | Noticed Maggie
  8403 | D:7      | Killed Maggie
  8891 | D:7      | Found a runed translucent door.
  8892 | D:7      | Noticed Crazy Yiuf
  9146 | D:7      | Killed Crazy Yiuf
  9408 | D:8      | Identified the +7 trident of Youthful Indiscretion {vorpal,
                  | rC+ Str+3}
  9477 | D:8      | Found a staircase to the Lair.
  9565 | D:8      | Reached skill level 10 in Armour
  9565 | D:8      | Reached XP level 10. HP: 85/94 MP: 10/10
  9668 | D:8      | Noticed Grum
  9685 | D:8      | Killed Grum
  9686 | D:8      | Reached skill level 6 in Shields
 10098 | D:9      | Reached ***** piety under Okawaru
 10101 | D:9      | Noticed Prince Ribbit
 10156 | D:9      | Noticed Maurice
 10503 | D:9      | Reached skill level 7 in Shields
 10509 | D:9      | Killed Prince Ribbit
 10513 | D:9      | Killed Maurice
 10681 | D:9      | Found Zishenidgh's General Store.
 10695 | D:9      | Reached skill level 1 in Evocations
 10884 | D:9      | Noticed a smoke demon
 10890 | D:9      | Received a gift from Okawaru
 10994 | D:9      | Noticed Erica
 11003 | D:9      | Killed Erica
 11004 | D:9      | Reached skill level 8 in Shields
 11444 | D:9      | Found Hamud's Assorted Antiques.
 11452 | D:9      | Bought a scroll labelled XYES EJORATZ for 27 gold pieces
 11454 | D:9      | Bought 2 fizzy purple potions for 48 gold pieces
 11478 | D:9      | Reached XP level 11. HP: 104/104 MP: 8/11
 11671 | D:9      | Found Kosh's Book Shop.
 11779 | D:9      | Found Otuxes's Jewellery Shoppe.
 11793 | D:9      | Noticed a two-headed ogre
 11806 | D:9      | Killed a two-headed ogre
 12076 | D:9      | Identified the +5 trident "Hyebroni" {venom, rF+ Str+2
                  | Int-2}
 12284 | D:10     | Entered Level 10 of the Dungeon
 12392 | D:10     | Found a portal to a secret trove of treasure.
 12603 | D:10     | Noticed a two-headed ogre
 12614 | D:10     | Killed a two-headed ogre
 12614 | D:10     | Received a gift from Okawaru
 12615 | D:10     | Reached skill level 9 in Shields
 12856 | D:10     | Found a glowing silver altar of Zin.
 12879 | D:10     | Found an ornate altar of the Wu Jian Council.
 12897 | D:10     | Found a basalt altar of Yredelemnul.
 12911 | D:10     | Found a shimmering blue altar of Sif Muna.
 12927 | D:10     | Found a radiant altar of Vehumet.
 12930 | D:10     | Found a shimmering altar of Xom.
 13601 | D:11     | Noticed Nergalle
 13618 | D:11     | Killed Nergalle
 13674 | D:11     | Identified the +6 leather armour "Qenosoopn" {rN+ Will++
                  | SInv}
 13678 | D:11     | Noticed Psyche
 13689 | D:11     | Killed Psyche
 13698 | D:11     | Identified the +6 short sword of Excruciating Pain {vorpal,
                  | rF++ Str-4 Dex+9 Stlth-}
 13925 | D:11     | Reached skill level 10 in Shields
 14462 | Lair:1   | Entered Level 1 of the Lair of Beasts
 14607 | Lair:1   | Received a gift from Okawaru
 14841 | Lair:1   | Reached XP level 12. HP: 94/116 MP: 12/12
 15002 | Lair:1   | Reached skill level 10 in Fighting
 15413 | Lair:1   | Found the +6 shillelagh "Devastator" {shatter}
 15569 | Lair:2   | Noticed a death yak
 15570 | Lair:2   | Noticed a death yak
 15571 | Lair:2   | Noticed a death yak
 15632 | Lair:2   | Noticed Gastronok
 16133 | Lair:1   | Received a gift from Okawaru
 16134 | Lair:1   | Reached skill level 11 in Shields
 16370 | Lair:2   | Killed Gastronok
 16737 | Lair:2   | Reached skill level 12 in Shields
 16883 | Lair:2   | Identified the +0 crystal plate armour "Guwkaren" {Str+3
                  | Int+3} (Okawaru gifted it to you on level 2 of the Lair of
                  | Beasts)
 16883 | Lair:2   | Received a gift from Okawaru
 17066 | Lair:2   | Killed a death yak
 17077 | Lair:2   | Killed a death yak
 17106 | Lair:2   | Killed a death yak
 17111 | Lair:2   | Reached skill level 15 in Long Blades
 17128 | Lair:2   | Reached skill level 13 in Shields
 17889 | Lair:2   | Found a staircase to the Shoals.
 18201 | Lair:3   | Reached XP level 13. HP: 127/127 MP: 14/14
 19044 | Lair:3   | Received a gift from Okawaru
 19281 | Lair:3   | Noticed Amaemon
 19298 | Lair:3   | Killed Amaemon
 19578 | Lair:3   | Identified the +8 trident of Qevog {vamp, Dex+3}
 19595 | Lair:3   | Found a staircase to the Snake Pit.
 19696 | Lair:3   | Identified the +0 cloak "Igol" {Str+4} (Okawaru gifted it
                  | to you on level 3 of the Lair of Beasts)
 19696 | Lair:3   | Received a gift from Okawaru
 19697 | Lair:3   | Reached skill level 14 in Shields
 20620 | D:12     | Noticed Erolcha
 20630 | D:12     | Killed Erolcha
 20745 | D:12     | Found a staircase to the Orcish Mines.
 21858 | Orc:1    | Entered Level 1 of the Orcish Mines
 22148 | Orc:2    | Entered Level 2 of the Orcish Mines
 22539 | Orc:2    | Found a staircase to the Elven Halls.
 22599 | Orc:2    | Reached skill level 15 in Shields
 22765 | Orc:2    | Paralysed by an orc sorcerer for 2 turns
 22774 | Orc:2    | Paralysed by an orc sorcerer for 4 turns
 23298 | Orc:2    | Noticed Josephine
 23321 | Orc:2    | Killed Josephine
 23336 | Orc:2    | Noticed an orc warlord
 23515 | Orc:1    | Killed an orc warlord
 23770 | Orc:1    | Paralysed by an orc sorcerer for 2 turns
 24037 | Orc:2    | Reached skill level 15 in Armour
 24037 | Orc:2    | Reached XP level 14. HP: 130/139 MP: 12/15
 24593 | Orc:2    | Received a gift from Okawaru
 25299 | Orc:2    | Reached skill level 16 in Shields
 25389 | Orc:2    | Found Xuskumm's Antique Armour Shoppe.
 25390 | Orc:2    | Found Luvolut's Antique Weapon Emporium.
 25392 | Orc:2    | Found Kuteih's General Store.
 25392 | Orc:2    | Found Rarridau's Jewellery Shoppe.
 25450 | Orc:2    | Bought a warped long sword for 255 gold pieces
 25450 | Orc:2    | Identified the +6 long sword of Ukay {protect, rC+ SInv}
                  | (You bought it in a shop on level 2 of the Orcish Mines)
 25736 | Orc:2    | Noticed Quickbrownfox's ghost (journeyman DsIE)
 25737 | Orc:2    | Found a runed translucent door.
 25807 | Orc:2    | Bought a bloodstained plate armour for 756 gold pieces
 25807 | Orc:2    | Identified the +0 plate armour "Fotaxevu" {rC- rCorr Dex+4}
                  | (You bought it in a shop on level 2 of the Orcish Mines)
 25819 | Orc:2    | Bought the amulet of Lywois Herph {Faith Str+8} for 701
                  | gold pieces
 27667 | Lair:4   | Received a gift from Okawaru
 28275 | Lair:4   | Found a viscous altar of Jiyva.
 28276 | Lair:4   | Found a staircase to the Slime Pits.
 28915 | Lair:5   | Entered Level 5 of the Lair of Beasts
 28929 | Lair:4   | Reached skill level 17 in Shields
 29409 | Lair:4   | Received a gift from Okawaru
 31422 | Lair:5   | Reached XP level 15. HP: 140/150 MP: 16/16
 31423 | Lair:5   | Reached skill level 18 in Shields
 31456 | Lair:5   | Identified the +7 hand axe of Sequestration {vorpal, Str+7}
 31740 | Lair:5   | HP: 1/150 [drowned by a drowned soul[a merfolk avatar]
                  | (17)]
 31742 | Lair:5   | Drowned by a drowned soul

Illustrated notes

Levels and vault maps discovered:
D:1:      minmay_arrival_semitransparent, layout_basic, minmay_misc_feat_five
D:2:      layout_loops_ring, shapermc_ecumenical_altar_pompeii, basic_altar,
          minmay_misc_feat_secret_circle, nicolae_underground_beach
D:3:      layout_rooms
D:4:      layout_loops_ring, minmay_temple_entry_proselytizer, uniq_duvessa,
          uniq_natasha, uniq_menkaure
D:5:      layout_loops_corners, nicolae_ossuary_entry_giza,
          minmay_misc_feat_diagonals, minmay_manual_mess
D:6:      layout_basic
D:7:      layout_rooms, st_stairs_1, uniq_crazy_yiuf_cottage, uniq_maggie
D:8:      layout_cave_pools, dpeg_oklobed_lair, uniq_grum
D:9:      layout_loops_ring, serial_shops, shop, kennysheep_mini_moat, shop,
          nicolae_shop_statue_plus, minmay_fractal_squares_gapless_5,
          uniq_maurice, uniq_erica, uniq_prince_ribbit1
D:10:     layout_basic, nicolae_overflow_hallway_of_the_gods, enter_trove_1
D:11:     layout_basic, uniq_psyche, uniq_nergalle
D:12:     layout_long_grid, zombieorc2_lemuel, uniq_erolcha
Temple:   minmay_temple_bridge_d
Lair:1:   layout_regular_city, minivault_25, infiniplex_staircase_pool
Lair:2:   layout_regular_city, elwin_shoals_entry_stream,
          nicolae_lair_run_with_the_wolves, uniq_gastronok
Lair:3:   layout_hall_layers, minmay_snake_entry_guardpost_small, uniq_amaemon
Lair:4:   layout_hall_layers, dpeg_slime_entry_enclosed
Lair:5:   gammafunk_lair_ancient_temple, layout_regular_city, grunt_megastairs_4
Orc:1:    layout_caves, basic_altar
Orc:2:    st_orc_congregation, layout_caves, basic_altar, gammafunk_ghost_grave,
          mines5_lemuel, uniq_josephine

Skill      XL: |  1  2  3  4  5  6  7  8  9 10 11 12 13 14 15 |
---------------+----------------------------------------------+-----
Armour         | 4 5 7 8 10 11 12 13 15 16 | 16.0
Fighting       | 4 5 6 7 8 9 11 12 13 | 13.8
Shields        | 4 5 8 10 13 15 17 18 | 18.1
Long Blades    | 3 4 5 6 9 10 12 13 14 15 16 | 16.3
Invocations    | 1 2 3 |  3.4
Dodging        | 1 2 |  2.2
Evocations     | 1 2 |  2.0
Stealth        | |  0.7

Action                   |  1- 3 |  4- 6 |  7- 9 | 10-12 | 13-15 || total
-------------------------+-------+-------+-------+-------+-------++-------
Melee: Long sword        |   111 |   111 |   407 |   143 |   644 ||  1416
       Headbutt          |    21 |    29 |   102 |   148 |   416 ||   716
       Scimitar          |       |       |       |   520 |   796 ||  1316
Invok: Heroism           |       |       |     9 |    26 |    37 ||    72
Evoke: Wand              |       |       |       |    20 |     4 ||    24
  Use: Potion            |     2 |     2 |       |     6 |     6 ||    16
       Scroll            |       |     2 |     7 |    11 |     3 ||    23
Armor: Plate armour      |    85 |    66 |   179 |   340 |       ||   670
       Scale mail        |     1 |       |       |       |       ||     1
       Crystal plate arm |       |       |       |    60 |   829 ||   889
Dodge: Dodged            |    34 |    22 |   105 |   163 |   293 ||   617
Block: Buckler           |    35 |    20 |    71 |    12 |       ||   138
       Tower shield      |       |       |       |   632 |  1654 ||  2286
